 Dungeon Crawl Stone Soup version 0.22-a0-359-g5e80d7e (webtiles) character file.

161713 JeffiDaFish the Metallomancer (level 17, -8/105 HPs)
             Began as a Gargoyle Earth Elementalist on Apr 18, 2018.
             Was the Champion of Sif Muna.
             Killed from afar by a deep elf sorcerer (35 damage)
             ... with a bolt of acid
             ... on level 2 of the Elven Halls on Apr 19, 2018.
             The game lasted 02:06:26 (37687 turns).

JeffiDaFish the Metallomancer (GrEE)               Turns: 37687, Time: 02:06:27

Health: -8/105     AC: 17    Str: 13    XL:     17   Next: 79%
Magic:  1/37       EV: 12    Int: 33    God:    Sif Muna [******]
Gold:   194        SH:  0    Dex: 20    Spells: 16/49 levels left

rFire    x . .     SeeInvis +   j - staff of earth
rCold    . . .     Gourm    .   (no shield)
rNeg     + . .     Faith    .   M - +2 robe "Kuxty" {*Drain MR+ Dex+7}
rPois    ∞         Spirit   .   n - +3 crown of Dyrovepreva {rElec Int+2 SInv}
rElec    +         Reflect  .   t - +2 cloak
rCorr    .         Harm     .   a - +2 pair of gloves
MR       ++++.                  (no boots)
Stlth    +.........             K - amulet of regeneration
HPRegen  0.67/turn              q - ring of the Mage {Wiz MR++ Int+3}
MPRegen  0.25/turn              x - ring "Wuwotu" {rF- Int+4 Dex+3 Slay+2 Stlth-}

@: corroded, flying, studying 2 skills, no casting
A: big wings, clever 1, negative energy resistance 1, robust 1, electricity
resistance, unbreathing, petrification resistance, rot immunity, AC +12
a: Stop Flying, Stop Divine Energy, Channel Magic, Forget Spell, Renounce
Religion


You were on level 2 of the Elven Halls.
You worshipped Sif Muna.
Sif Muna was exalted by your worship.
You were not hungry.

You visited 6 branches of the dungeon, and saw 28 of its levels.

You collected 2445 gold pieces.
You spent 2251 gold pieces at shops.

Inventory:

Hand Weapons
 i - a +1 flail
Missiles
 b - 366 stones (quivered)
Armour
 a - a +2 pair of gloves (worn)
 l - a +2 robe of fire resistance
 n - the +3 crown of Dyrovepreva (worn) {rElec Int+2 SInv}
   (You found it on level 7 of the Dungeon)

   It affects your intelligence (+2).
   It insulates you from electricity.
   It lets you see invisible.
 t - a +2 cloak (worn)
 M - the +2 robe "Kuxty" (worn) {*Drain MR+ Dex+7}
   (You took it off a deep elf mage on level 1 of the Elven Halls)

   It affects your dexterity (+7).
   It affects your resistance to hostile enchantments.
   It causes draining when unequipped.
Magical Staves
 j - an uncursed staff of earth (weapon)
Jewellery
 o - an uncursed ring of magical power
 q - the ring of the Mage (left hand) {Wiz MR++ Int+3}
   (You found it on level 1 of the Lair of Beasts)

   [ring of wizardry]

   It improves your spell success rate.
   It affects your intelligence (+3).
   It affects your resistance to hostile enchantments.
 x - the ring "Wuwotu" (right hand) {rF- Int+4 Dex+3 Slay+2 Stlth-}
   (You found it on level 8 of the Dungeon)

   [ring of loudness]

   It affects your intelligence (+4).
   It affects your dexterity (+3).
   It affects your accuracy and damage with ranged weapons and melee attacks
   (+2).
   It makes you vulnerable to fire.
   It makes you less stealthy.
 y - an uncursed ring of wizardry
 K - an amulet of regeneration (around neck)
Wands
 f - a wand of polymorph (12)
 m - a wand of iceblast (35)
 E - a wand of digging (50)
 F - a wand of clouds (4)
Scrolls
 c - 9 scrolls of teleportation
 e - 9 scrolls of remove curse
 h - 19 scrolls of identify
 p - 5 scrolls of magic mapping
 r - 2 scrolls of fear
 s - 4 scrolls of enchant weapon
 B - 2 scrolls of enchant armour
 D - a scroll of holy word
Potions
 g - 4 potions of flight
 k - 6 potions of curing
 u - 2 potions of invisibility
 w - 2 potions of might
 z - 5 potions of haste
 A - 2 potions of magic {unknown}
 C - 6 potions of mutation
 H - a potion of agility
 I - a potion of brilliance
 L - a potion of cancellation
Books
 v - a manual of Staves
 J - a manual of Earth Magic
Comestibles
 d - 31 rations
 G - 6 chunks of flesh


   Skills:
 + Level 7.2 Fighting
 - Level 8.0 Staves
 - Level 1.5 Dodging
 - Level 2.1 Stealth
 * Level 16.5 Spellcasting
 * Level 16.0 Conjurations
   Level 0.7 Transmutations
 * Level 21.3 Earth Magic


You had 16 spell levels left.
You knew the following spells:

 Your Spells              Type           Power        Failure   Level  Hunger
a - Sandblast             Erth           ######       0%          1    None
b - Stone Arrow           Conj/Erth      ######       0%          3    None
c - Lee's Rapid Deconstr  Erth           ########..   0%          5    None
d - Blink                 Tloc           N/A          1%          2    None
e - Orb of Destruction    Conj           #######...   1%          7    ####...
f - Iron Shot             Conj/Erth      ########..   1%          6    #......
g - Shatter               Erth           ########..   9%          9    #######


Dungeon Overview and Level Annotations

Branches:
Dungeon (15/15)            Temple (1/1) D:6            Lair (6/6) D:9
 Shoals (2/4) Lair:3       Spider (0/4) Lair:2        Slime (0/5) Lair:5
    Orc (2/2) D:12            Elf (2/3) Orc:2        Vaults (0/5) D:13
 Depths (0/5) D:15

Altars:
Ashenzari
Cheibriados
Dithmenos
Elyvilon
Fedhas
Gozag
Nemelex Xobeh
Okawaru
Qazlal
Sif Muna
Zin
Beogh

Shops:
D:6 }   D:12 :   Orc:1 [   Orc:2 !(%:

Portals:
Pandemonium: Orc:2

Annotations:
D:14 1 exclusion
D:15 1 exclusion


Innate Abilities, Weirdness & Mutations

You are resistant to torment.
Your stone body is resilient. (AC +12)
You are immune to poison.
Your large and strong wings let you fly indefinitely.
You resist negative energy. (rN+)
You are resistant to electric shocks. (rElec)
You can survive without breathing.
You are immune to petrification.
You are immune to rotting.
Your mind is acute. (Int +2)
You are robust. (+10% HP)


Message History

You briefly lose access to your magic!
The deep elf sorcerer points at you and mumbles some strange words.
The bolt of acid hits you! The acid corrodes you!
You are splashed with acid!
The acid burns!
The deep elf sorcerer casts a spell at you.
The bolt of acid hits you! The acid corrodes you!
You are splashed with acid!
The acid burns!
* * * LOW HITPOINT WARNING * * *
As you read the scroll of fear, it crumbles to dust.
You assume a fearsome visage.
The fire elemental is unaffected. x2
The deep elf sorcerer resists with some effort.
The air elemental is unaffected.
The deep elf mage looks frightened! x2
The deep elf mage gestures wildly while chanting.
The deep elf mage blinks!
The deep elf mage mumbles some strange words.
The deep elf mage blinks!
The deep elf sorcerer shouts, "You are history!"
The deep elf sorcerer points at you and mumbles some strange words.
The bolt of acid hits you!
You die...

.§ §§# #E#
...> #e# ⌠...
§E# ...[. #E#
...⌠. #e##
......
#@###..⌠...
##).......<
#.#)#.#....
##....## .
###......#####
#...........>#
###..........#
###).......#
##)##......#


You could see a deep elf sorcerer, a deep elf mage (fleeing), 2 fire elementals
and an air elemental.

Vanquished Creatures
  Saint Roka (Orc:2)
  A kraken (Shoals:1)
  Agnes (D:14)
  A deep elf sorcerer (Elf:2)
  An entropy weaver (shapeshifter) (D:15)
  2 stone giants (Orc:2)
  Azrael (D:12)
  A deep elf annihilator (Elf:1)
  The ghost of holliwood the Quickloader, a journeyman CeHu of Jiyva (D:12)
  A merfolk impaler (Shoals:1)
  2 ice dragons (D:15)
  An ogre mage (D:14)
  6 hydras
  4 vault guards (D:13)
  An ice dragon (shapeshifter) (D:15)
  4 catoblepae
  2 merfolk aquamancers
  The ghost of clenchingflame the Carver, a novice DrGl of Okawaru (Orc:1)
  13 death yaks (Lair:6)
  5 two-headed ogres
  5 dancing weapons
  2 centaur warriors
  2 tengu warriors (D:15)
  9 orc high priests
  7 deep elf knights
  A soul eater (Orc:2)
  A skeletal warrior (D:15)
  2 unseen horrors
  Nergalle (D:12)
  3 sea snakes
  3 wizards (D:13)
  A gelid demonspawn (Orc:2)
  2 torturous demonspawn (Orc:2)
  3 deep elf archers
  22 ugly things
  32 deep elf magi
  6 orc knights
  11 manticores
  10 harpies
  A wolf spider zombie (D:15)
  3 fauns (Shoals:1)
  4 orc sorcerers (Orc:2)
  6 cyclopes
  3 merfolk sirens
  6 black mambas
  3 gargoyles
  2 water nymphs (Shoals:1)
  Maurice (D:11)
  A naga mage (D:15)
  11 spiny frogs
  6 elephants (Lair:5)
  2 kobold demonologists
  A freezing wraith (D:15)
  An efreet (D:13)
  4 komodo dragons
  2 red devils (Orc:2)
  17 merfolk
  A jumping spider (Lair:2)
  A polar bear (Lair:1)
  6 trolls
  A wind drake (Shoals:1)
  26 blink frogs
  8 slime creatures (D:15)
  A wolf spider simulacrum (D:15)
  2 hornets
  2 meliai zombies
  2 dream sheep (Shoals:2)
  10 hippogriffs
  An air elemental (D:12)
  A spriggan (D:13)
  3 wyverns
  2 wraiths
  7 water elementals
  2 shadows
  7 basilisks
  4 fire elementals
  4 steam dragons
  3 hungry ghosts
  A neqoxec (Orc:2)
  Grum (D:11)
  64 yaks
  8 vampire mosquitoes
  9 wargs
  9 water moccasins
  Duvessa (D:7)
  5 hell hounds (D:12)
  9 porcupines
  A black bear (D:9)
  32 orc warriors
  3 ice beasts
  15 ogres
  2 necrophages
  3 sky beasts
  7 centaurs
  22 wolves
  11 crocodiles
  5 big kobolds
  A gnoll sergeant (D:9)
  18 bullfrogs
  An earth elemental (D:12)
  A wyvern skeleton (D:10)
  A scorpion (D:13)
  Dowan (D:7)
  8 killer bees
  A wight (D:14)
  4 howler monkeys
  6 electric eels (D:12)
  6 bullfrog zombies
  8 crimson imps
  A quasit (D:8)
  2 jellies
  A centaur zombie (D:7)
  23 orc priests
  Crazy Yiuf (D:7)
  4 bullfrog skeletons
  2 gnoll shamans
  5 hounds
  16 orc wizards
  Terence (D:3)
  4 centaur skeletons
  2 iguanas
  7 worker ants
  7 hell rats
  15 gnolls
  A howler monkey skeleton (D:4)
  17 adders
  9 river rats (Lair:5)
  4 shadow imps
  3 white imps (D:12)
  An adder zombie (D:7)
  2 oozes
  An adder skeleton (D:5)
  A worm (D:2)
  A dart slug (D:3)
  5 leopard geckos
  79 orcs
  A ball python (D:4)
  4 giant cockroaches
  6 goblins
  12 hobgoblins
  8 jackals
  19 kobolds
  A quokka (D:6)
  7 bats
  5 frilled lizards
  A jackal skeleton (D:6)
  A quokka zombie (D:5)
  9 rats
  A butterfly (Lair:1)
  2 plants (Shoals:2)
  4 tentacles (Shoals:1)
901 creatures vanquished.

Vanquished Creatures (others)
  A merfolk aquamancer (Shoals:1)
  A deep elf mage (D:12)
  A bullfrog skeleton (D:12)
  9 white imps (D:12)
  15 fungi
  8 plants
  24 tentacles (Shoals:1)
59 creatures vanquished.

Grand Total: 960 creatures vanquished

Notes
Turn   | Place    | Note
-------+----------+-------------------------------------------
     0 | D:1      | JeffiDaFish the Gargoyle Earth Elementalist began the quest for the Orb.
     0 | D:1      | Reached XP level 1. HP: 10/10 MP: 3/3
     3 | D:1      | Gained mutation: You possess an exceptional clarity of mind. [potion of mutation]
     3 | D:1      | Gained mutation: Your mind is acute. (Int +2) [potion of mutation]
     3 | D:1      | Gained mutation: You are robust. (+10% HP) [potion of mutation]
   347 | D:1      | Reached skill level 4 in Earth Magic
   347 | D:1      | Reached XP level 2. HP: 16/16 MP: 1/5
   897 | D:1      | Reached XP level 3. HP: 12/20 MP: 0/6
  1665 | D:1      | You fall through a shaft!
  2115 | D:2      | Reached XP level 4. HP: 26/26 MP: 5/8
  2453 | D:2      | Reached skill level 5 in Earth Magic
  2486 | D:2      | Learned a level 3 spell: Stone Arrow
  2644 | D:3      | Reached XP level 5. HP: 30/30 MP: 5/10
  2657 | D:3      | Learned a level 5 spell: Lee's Rapid Deconstruction
  3047 | D:3      | Noticed Terence
  3052 | D:3      | Killed Terence
  3117 | D:3      | Reached skill level 6 in Earth Magic
  3169 | D:3      | Reached XP level 6. HP: 35/35 MP: 1/12
  3435 | D:3      | Found an iron altar of Okawaru.
  3435 | D:3      | Found a white marble altar of Elyvilon.
  4735 | D:5      | Entered Level 5 of the Dungeon
  5000 | D:5      | Reached skill level 7 in Earth Magic
  5000 | D:5      | Reached XP level 7. HP: 39/39 MP: 7/14
  5355 | D:5      | Found a sparkling altar of Nemelex Xobeh.
  5361 | D:5      | Reached skill level 5 in Spellcasting
  5681 | D:6      | Found Ehemnast's Gadget Shop.
  5686 | D:6      | Noticed a hornet
  5693 | D:6      | Killed a hornet
  5693 | D:6      | Reached skill level 8 in Earth Magic
  5693 | D:6      | Reached XP level 8. HP: 31/45 MP: 1/17
  5831 | D:6      | Found a staircase to the Ecumenical Temple.
  5836 | Temple   | Entered the Ecumenical Temple
  5850 | Temple   | Became a worshipper of Sif Muna the Loreminder
  6147 | D:6      | Reached skill level 9 in Earth Magic
  6428 | D:7      | Reached * piety under Sif Muna
  6428 | D:7      | Reached skill level 1 in Conjurations
  6503 | D:7      | Noticed Duvessa
  6509 | D:7      | Noticed Dowan
  6512 | D:7      | Killed Dowan
  6516 | D:7      | Killed Duvessa
  6521 | D:7      | Reached XP level 9. HP: 37/49 MP: 0/20
  6745 | D:7      | Reached skill level 10 in Earth Magic
  6783 | D:7      | Found a runed door.
  6787 | D:7      | Noticed Crazy Yiuf
  6788 | D:7      | Killed Crazy Yiuf
  6897 | D:7      | Found a stormy altar of Qazlal.
  7044 | D:7      | Found the +3 crown of Dyrovepreva {rElec Int+2 SInv}
  7296 | D:7      | Reached ** piety under Sif Muna
  7790 | D:8      | Noticed a two-headed ogre
  7793 | D:8      | Killed a two-headed ogre
  7869 | D:8      | Reached skill level 11 in Earth Magic
  8147 | D:8      | Reached *** piety under Sif Muna
  8165 | D:8      | Got a coiled jade ring
  8167 | D:8      | Identified the ring "Wuwotu" {rF- Int+4 Dex+3 Slay+2 Stlth-} (You found it on level 8 of the Dungeon)
  8386 | D:8      | Found a blossoming altar of Fedhas.
  8705 | D:9      | Reached XP level 10. HP: 55/55 MP: 20/22
  9100 | D:9      | Found a staircase to the Lair.
  9112 | D:9      | Reached skill level 5 in Conjurations
  9404 | D:9      | Found an opulent altar of Gozag.
  9584 | D:9      | Learned a level 2 spell: Blink
  9635 | Lair:1   | Entered Level 1 of the Lair of Beasts
  9642 | Lair:1   | Noticed a spiny frog
  9648 | Lair:1   | Killed a spiny frog
  9648 | Lair:1   | Reached **** piety under Sif Muna
  9648 | Lair:1   | Reached skill level 12 in Earth Magic
  9767 | Lair:1   | Found the ring of the Mage {Wiz MR++ Int+3}
  9817 | Lair:1   | Noticed a seven-headed hydra
  9825 | Lair:1   | Killed a seven-headed hydra
 10119 | Lair:1   | Reached skill level 10 in Spellcasting
 10372 | Lair:1   | Reached XP level 11. HP: 53/59 MP: 14/25
 10373 | Lair:1   | Reached skill level 13 in Earth Magic
 10375 | Lair:1   | Reached ***** piety under Sif Muna
 10865 | Lair:2   | Identified Juahiog's Papyrus of Assistive Envenoming (Sif Muna gifted it to you on level 2 of the Lair of Beasts)
 10865 | Lair:2   | Received a gift from Sif Muna
 11792 | Lair:2   | Found a hole to the Spider Nest.
 12135 | Lair:3   | Noticed a four-headed hydra
 12140 | Lair:3   | Killed a four-headed hydra
 12140 | Lair:3   | Reached skill level 14 in Earth Magic
 12488 | Lair:3   | Reached XP level 12. HP: 64/64 MP: 12/27
 12511 | Lair:3   | Identified Sif Muna's Catalogue of Black Rites and Arcane Weapons (Sif Muna gifted it to you on level 3 of the Lair of Beasts)
 12511 | Lair:3   | Received a gift from Sif Muna
 12662 | Lair:2   | Learned a level 7 spell: Orb of Destruction
 12894 | Lair:3   | Identified the cursed +0 scale mail "Iduprar" {MR+} (You found it on level 3 of the Lair of Beasts)
 13249 | Lair:3   | Found a staircase to the Shoals.
 13765 | Lair:4   | Reached skill level 15 in Earth Magic
 14155 | Lair:4   | Got a pitted copper amulet
 14188 | Lair:4   | Identified the amulet of Kuredodgh {+Rage rPois rF+} (You found it on level 4 of the Lair of Beasts)
 15157 | Lair:5   | Upgraded the game from 0.22-a0-355-g201945f to 0.22-a0-359-g5e80d7e
 15303 | Lair:5   | Identified Efiep's Compendium of Confrontation (Sif Muna gifted it to you on level 5 of the Lair of Beasts)
 15303 | Lair:5   | Received a gift from Sif Muna
 15332 | Lair:5   | Learned a level 6 spell: Iron Shot
 15488 | Lair:5   | Found a staircase to the Slime Pits.
 15745 | Lair:5   | Reached XP level 13. HP: 66/69 MP: 6/29
 16512 | Lair:6   | Entered Level 6 of the Lair of Beasts
 16531 | Lair:6   | Reached skill level 16 in Earth Magic
 16534 | Lair:6   | Reached skill level 1 in Staves
 17487 | Lair:6   | Reached skill level 10 in Conjurations
 18379 | Lair:6   | Identified Sif Muna's Reference Book on Hurtful Clay (Sif Muna gifted it to you on level 6 of the Lair of Beasts)
 18379 | Lair:6   | Received a gift from Sif Muna
 19332 | Lair:6   | Reached skill level 17 in Earth Magic
 19600 | Lair:6   | Gained mutation: Your large and strong wings let you fly indefinitely. [Gargoyle growth]
 19600 | Lair:6   | Reached XP level 14. HP: 74/74 MP: 23/31
 20417 | D:10     | Entered Level 10 of the Dungeon
 20979 | D:10     | Identified Sif Muna's Grimoire of Earth (Sif Muna gifted it to you on level 10 of the Dungeon)
 20979 | D:10     | Received a gift from Sif Muna
 21273 | D:11     | Reached skill level 5 in Staves
 21451 | D:11     | Noticed Grum
 21460 | D:11     | Killed Grum
 21755 | D:11     | Identified a scroll of acquirement
 22209 | D:12     | Noticed Maurice
 22405 | D:12     | Found Mutuluas's Book Emporium.
 22518 | D:12     | Noticed Azrael
 22524 | D:12     | Noticed holliwood's ghost (journeyman CeHu)
 22526 | D:12     | Killed Azrael
 22613 | D:12     | Killed holliwood's ghost
 22789 | D:12     | Noticed Nergalle
 22805 | D:11     | Killed Maurice
 23267 | D:12     | Found a staircase to the Orcish Mines.
 23540 | D:12     | Killed Nergalle
 23628 | D:12     | Found a large runed door.
 23629 | D:12     | Found a large runed door.
 23650 | D:12     | Found a glowing silver altar of Zin.
 23750 | D:12     | Received a gift from Sif Muna
 24109 | D:13     | Reached skill level 18 in Earth Magic
 24146 | D:13     | Reached XP level 15. HP: 79/79 MP: 16/33
 24752 | D:13     | Found a gate to the Vaults.
 26567 | D:14     | Found a snail-covered altar of Cheibriados.
 26839 | D:14     | Noticed Agnes
 26845 | D:14     | Killed Agnes
 26845 | D:14     | Identified Sif Muna's Compendium of the Mountains and Summoning (Sif Muna gifted it to you on level 14 of the Dungeon)
 26845 | D:14     | Received a gift from Sif Muna
 26845 | D:14     | Reached skill level 1 in Fighting
 27613 | D:14     | Reached skill level 15 in Spellcasting
 27921 | D:15     | Entered Level 15 of the Dungeon
 28215 | D:15     | Reached ****** piety under Sif Muna
 28391 | D:15     | Reached skill level 19 in Earth Magic
 28391 | D:15     | Reached XP level 16. HP: 82/91 MP: 0/35
 29288 | D:15     | Identified Zocsixti's Handbook of Helpful Venom (Sif Muna gifted it to you on level 15 of the Dungeon)
 29288 | D:15     | Received a gift from Sif Muna
 29313 | D:15     | Found a staircase to the Depths.
 29802 | Orc:1    | Entered Level 1 of the Orcish Mines
 29989 | D:12     | Learned a level 9 spell: Shatter
 30306 | Orc:1    | Noticed clenchingflame's ghost (novice DrGl)
 30311 | Orc:1    | Killed clenchingflame's ghost
 30550 | Orc:1    | Found Xomugy's Armour Emporium.
 30879 | Orc:2    | Entered Level 2 of the Orcish Mines
 30886 | Orc:2    | Found a roughly hewn altar of Beogh.
 31052 | Orc:2    | Found a labyrinth entrance.
 31076 | Orc:2    | Noticed Saint Roka
 31689 | Orc:2    | Found a staircase to the Elven Halls.
 31879 | Orc:2    | Found Sudass's Food Emporium.
 32069 | Orc:2    | Found Ylumanon's Distillery.
 32110 | Orc:2    | Lost mutation: You possess an exceptional clarity of mind. [a neqoxec]
 32185 | Orc:2    | Bought 2 potions of haste for 300 gold pieces
 32185 | Orc:2    | Bought a potion of heal wounds for 75 gold pieces
 32212 | Orc:2    | Killed Saint Roka
 32517 | Orc:2    | Reached skill level 5 in Fighting
 32684 | Orc:2    | Identified Sif Muna's Volume of Attacks (Sif Muna gifted it to you on level 2 of the Orcish Mines)
 32684 | Orc:2    | Received a gift from Sif Muna
 33089 | Orc:2    | Reached skill level 15 in Conjurations
 33262 | Orc:2    | Found Agiotipe's Book Shop.
 33262 | Orc:2    | Found Wudghu's Antique Weapon Boutique.
 33262 | Orc:2    | Found a one-way gate leading to the halls of Pandemonium.
 33264 | Orc:2    | Bought a manual of Earth Magic for 1876 gold pieces
 33592 | Shoals:1 | Entered Level 1 of the Shoals
 33776 | Shoals:1 | HP: 1/96 [merfolk aquamancer/torrent of water (17)]
 33786 | Shoals:1 | HP: 1/96 [merfolk aquamancer/ball of steam (22)]
 34105 | Shoals:1 | Reached skill level 20 in Earth Magic
 34111 | Shoals:1 | Reached XP level 17. HP: 93/101 MP: 7/36
 34537 | Shoals:1 | Noticed a kraken
 34716 | Shoals:1 | Killed a kraken
 35310 | Shoals:2 | Identified Sif Muna's Volume of Confrontation (Sif Muna gifted it to you on level 2 of the Shoals)
 35310 | Shoals:2 | Received a gift from Sif Muna
 36016 | Elf:1    | Entered Level 1 of the Elven Halls
 36362 | Elf:1    | Identified the +2 robe "Kuxty" {*Drain MR+ Dex+7} (You took it off a deep elf mage on level 1 of the Elven Halls)
 36963 | Elf:1    | Reached skill level 21 in Earth Magic
 37567 | Elf:2    | Received a gift from Sif Muna
 37687 | Elf:2    | Killed from afar by a deep elf sorcerer

Vault maps used:
D:1:      nicolae_arrival_washed_ashore
D:2:      first_ration
D:3:      gammafunk_temple_overflow_wave, uniq_terence
D:5:      basic_altar
D:6:      minmay_temple_entry_glassed_door, serial_shops, shop,
          minmay_misc_feat_x
D:7:      nicolae_qazlal_general_emergency, minivault_24,
          uniq_crazy_yiuf_cottage, uniq_duvessa
D:8:      kennysheep_mini_moat
D:9:      lemuel_crystal_altar, dpeg_oklobed_lair
D:10:     serial_glass, glass_columns_c, glass_columns_a
D:11:     minmay_misc_feat_pillars, uniq_grum
D:12:     david_orc_1_choice, basic_altar, portal_ice_cave_entry_imps,
          serial_shops, nicolae_shop_window_shopping, lightli_elemental_guards,
          uniq_azrael, uniq_nergalle, uniq_maurice
D:13:     grunt_vaults_entry_fortified, hangedman_stone_soup, eino_tiny_chamber
D:14:     basic_altar, hex_tiny, minmay_bent, uniq_agnes
D:15:     hangedman_depths_entry_try_elsewhere_first, corexii_hall_statues_x,
          minivault_28
Temple:   minmay_crystal_spiral_temple
Lair:1:   lemuel_fruit_fields, grunt_megastairs_1, infiniplex_staircase_pool_2
Lair:2:   spider_nest_entry_rubble, serial_bayou_shore_a, grunt_megastairs_3
Lair:3:   elwin_shoals_entry_stream, wad_woods_road_06
Lair:5:   slime_dummy, kennysheep_rathole
Lair:6:   evilmike_catoblepas_cave, serial_bayou_shore_b
Orc:1:    serial_shops, nicolae_shop_behind_doors
Orc:2:    pf_orc_diabolical, lab_entry_generic, basic_altar, uniq_saint_roka
Elf:1:    minmay_elf_arrival_circle, minmay_elf_crystal_hexagon, minivault_11,
          spider_trap
Elf:2:    grunt_ministairs_10, uniq_asterion

Skill      XL: |  1  2  3  4  5  6  7  8  9 10 11 12 13 14 15 16 17 |
---------------+----------------------------------------------------+-----
Earth Magic    | 4 5 6 7 8 9 11 12 14 15 17 18 19 20 21 | 21.3
Spellcasting   | 3 4 6 7 8 10 11 12 13 14 15 16 | 16.5
Conjurations   | 2 4 6 7 9 11 12 13 15 16 | 16.0
Staves         | 3 6 8 |  8.0
Fighting       | 3 5 7 |  7.2
Dodging        | |  1.5
Stealth        | |  2.1
Transmutations | |  0.7

Action                   |  1- 3 |  4- 6 |  7- 9 | 10-12 | 13-15 | 16-18 || total
-------------------------+-------+-------+-------+-------+-------+-------++-------
Melee: Dagger            |   108 |    63 |       |       |       |       ||   171
       Staff             |       |    23 |    76 |    59 |   273 |   242 ||   673
       Flail             |       |    12 |       |       |       |       ||    12
Throw: Stone             |       |       |       |       |       |     4 ||     4
 Cast: Sandblast         |    38 |    42 |    48 |   142 |   149 |    84 ||   503
       Stone Arrow       |       |    17 |    32 |   118 |    86 |    48 ||   301
       Lee's Rapid Decon |       |     4 |    18 |    25 |    77 |    64 ||   188
       Blink             |       |       |       |     1 |    16 |     4 ||    21
       Iron Shot         |       |       |       |     3 |   138 |    92 ||   233
       Orb of Destructio |       |       |       |       |    28 |    70 ||    98
Invok: Divine Energy     |       |       |       |       |     1 |       ||     1
       Channel Magic     |       |       |       |       |       |     1 ||     1
 Abil: Fly               |       |       |       |       |     1 |       ||     1
Evoke: Wand              |       |       |       |       |       |     1 ||     1
  Use: Potion            |     3 |     6 |     2 |     1 |     4 |     9 ||    25
       Scroll            |     4 |     4 |     7 |     8 |    15 |    11 ||    49
 Stab: Sleeping          |       |     4 |       |       |       |       ||     4
  Eat: Chunk             |     4 |    12 |    10 |    21 |    44 |    37 ||   128
       Ration            |       |       |     2 |     1 |     5 |     2 ||    10
Armor: Robe              |    54 |    55 |    37 |    96 |   277 |   225 ||   744
Dodge: Dodged            |    90 |    70 |    88 |   110 |   294 |   254 ||   906

Table legend:
 A = Spawn XP
 B = Non-spawn XP
 C = Spawn XP percentage of total XP
 D = Spawn monster count
 E = Non-spawn monster count
 F = Spawn count percentage of total count
 G = Total turns spent on level
                    A         B        C        D         E        F      G
               +---------+---------+-------+---------+---------+-------+---------
         Total |       0 |  231019 |   0.0 |       0 |     896 |   0.0 | 37687
               +---------+---------+-------+---------+---------+-------+---------
           D:1 |       0 |      45 |   0.0 |       0 |      25 |   0.0 |  1665
           D:2 |       0 |      85 |   0.0 |       0 |      26 |   0.0 |   894
           D:3 |       0 |     210 |   0.0 |       0 |      28 |   0.0 |  1424
           D:4 |       0 |     161 |   0.0 |       0 |      11 |   0.0 |   752
           D:5 |       0 |     270 |   0.0 |       0 |      12 |   0.0 |   885
           D:6 |       0 |     921 |   0.0 |       0 |      17 |   0.0 |   776
           D:7 |       0 |    1087 |   0.0 |       0 |      14 |   0.0 |   987
           D:8 |       0 |    1574 |   0.0 |       0 |      19 |   0.0 |  1123
           D:9 |       0 |    1357 |   0.0 |       0 |      24 |   0.0 |  1179
          D:10 |       0 |    3054 |   0.0 |       0 |      21 |   0.0 |   802
          D:11 |       0 |    6831 |   0.0 |       0 |      53 |   0.0 |  1446
          D:12 |       0 |   12531 |   0.0 |       0 |      80 |   0.0 |  2178
          D:13 |       0 |   17516 |   0.0 |       0 |      47 |   0.0 |  2178
          D:14 |       0 |   18141 |   0.0 |       0 |      39 |   0.0 |  1875
          D:15 |       0 |   20327 |   0.0 |       0 |      46 |   0.0 |  1660
        Lair:1 |       0 |    4229 |   0.0 |       0 |      14 |   0.0 |  1307
        Lair:2 |       0 |    4824 |   0.0 |       0 |      20 |   0.0 |  1611
        Lair:3 |       0 |    7695 |   0.0 |       0 |      28 |   0.0 |  1416
        Lair:4 |       0 |    2945 |   0.0 |       0 |      19 |   0.0 |  1215
        Lair:5 |       0 |    8210 |   0.0 |       0 |      44 |   0.0 |  2591
        Lair:6 |       0 |   28224 |   0.0 |       0 |      77 |   0.0 |  2801
      Shoals:1 |       0 |   17498 |   0.0 |       0 |      35 |   0.0 |  1829
      Shoals:2 |       0 |    9011 |   0.0 |       0 |      17 |   0.0 |   355
         Orc:1 |       0 |    4662 |   0.0 |       0 |      28 |   0.0 |   521
         Orc:2 |       0 |   29077 |   0.0 |       0 |     105 |   0.0 |  2518
         Elf:1 |       0 |   18219 |   0.0 |       0 |      29 |   0.0 |  1381
         Elf:2 |       0 |   12315 |   0.0 |       0 |      18 |   0.0 |   290
               +---------+---------+-------+---------+---------+-------+---------
